 Dungeon Crawl Stone Soup version 0.29-a0-520-gc852659d43 (console) character file.

Game seed: 16215630296017088302

4793 om the Spear-Bearer (level 10, -4/71 HPs)
             Began as a Merfolk Ice Elementalist on May 31, 2022.
             Was a Believer of Vehumet.
             Killed from afar by Maurice (29 damage)
             ... with a bolt of acid
             ... on level 8 of the Dungeon.
             The game lasted 00:28:46 (13394 turns).

om the Spear-Bearer (Merfolk Ice Elementalist)     Turns: 13394, Time: 00:28:47

Health: -4/71      AC:  2    Str: 11    XL:     10   Next: 48%
Magic:  6/17       EV: 17    Int: 17    God:    Vehumet [**....]
Gold:   536        SH:  5    Dex: 20    Spells: 11/19 levels left

rFire   . . .      SeeInvis .   k - +1 spear (venom)
rCold   . . .      Faith    .   (no shield)
rNeg    . . .      Spirit   .   x - +1 steam dragon scales
rPois   .          Reflect  +   (no helmet)
rElec   .          Harm     .   b - scarf {shadows}
rCorr   .          Rampage  .   (no gloves)
Will    .....                   (no boots)
Stlth   +++.......              p - amulet of reflection
HPRegen 0.21/turn               e - +6 ring of dexterity
MPRegen 0.15/turn               B - ring of wizardry

@: corroded, freezing walls
A: (nimble swimmer 2), mertail
a: Renounce Religion


You were on level 8 of the Dungeon.
You worshipped Vehumet.
Vehumet was pleased with you.
You visited 1 branch of the dungeon, and saw 8 of its levels.
You also visited: Bailey.

You collected 746 gold pieces.
You spent 210 gold pieces at shops.

Inventory:

Hand Weapons
 k - a +1 spear of venom (weapon)
Armour
 a - a +0 robe
 b - a scarf of shadows (worn)
 x - +1 steam dragon scales (worn)
Jewellery
 e - a +6 ring of dexterity (left hand)
 f - a ring of resist corrosion
 p - an amulet of reflection (around neck)
 s - an amulet of regeneration
 B - a ring of wizardry (right hand)
Wands
 n - a wand of polymorph (8)
 w - a wand of iceblast (4)
 y - a wand of mindburst (10)
Scrolls
 g - 2 scrolls of fear
 h - 3 scrolls of immolation
 m - 7 scrolls of teleportation
 q - a scroll of amnesia
 v - a scroll of enchant weapon
 C - a scroll of enchant armour
Potions
 c - a potion of might
 j - 6 potions of flight
 l - a potion of heal wounds
 o - a potion of invisibility
 u - a potion of resistance
 A - a potion of cancellation


   Skills:
 - Level 4.0 Fighting
 - Level 1.0 Short Blades
 - Level 10.0 Polearms
 + Level 4.1 Armour
 - Level 7.5 Dodging
 - Level 5.0 Stealth
 - Level 5.0 Spellcasting
 - Level 5.0 Conjurations
 - Level 6.0 Ice Magic


You had 11 spell levels left.
You knew the following spells:

 Your Spells              Type           Power      Damage    Failure   Level
a - Freeze                Ice            96%        1d11      1%          1
b - Frozen Ramparts       Ice            48%        1d6       1%          3
c - Ozocubu's Armour      Ice            24%        N/A       1%          3
d - Magic Dart            Conj           84%        1d7       1%          1

Your spell library contained the following spells:

 Spells                   Type           Power      Damage    Failure   Level
 Scorch                   Fire           8%         2d5       9%          2
 Static Discharge         Conj/Air       12%        N/A       3%          2
 Conjure Flame            Conj/Fire      12%        6-21      6%          3
 Hailstorm                Conj/Ice       22%        3d7       6%          4
 Mephitic Cloud           Conj/Pois/Air  9%         N/A       9%          3
 Ignite Poison            Fire/Tmut/Pois 4%         N/A       16%         3
 Summon Guardian Golem    Hex/Summ       4%         N/A       16%         3
 Ice Form                 Ice/Tmut       14%        N/A       16%         4
 Sticky Flame             Conj/Fire      12%        2d4       21%         4
 Freezing Cloud           Conj/Ice/Air   8%         6-21      32%         5
 Animate Armour           Summ/Erth      8%         N/A       45%         4
 Dispel Undead            Necr           4%         3d7       45%         4
 Lightning Bolt           Conj/Air       6%         1d18      45%         5
 Alistair's Intoxication  Tmut/Pois      2%         N/A       80%         5
 Blade Hands              Tmut           2%         N/A       80%         5
 Yara's Violent Unravell  Hex/Tmut       2%         3d3       80%         5
 Iron Shot                Conj/Erth      6%         9d2       95%         6
 Orb of Destruction       Conj           10%        9d6       99%         7
 Spellforged Servitor     Conj/Summ      6%         N/A       100%        7
 Maxwell's Capacitive Co  Air            2%         ∞         100%        8


Dungeon Overview and Level Annotations

Branches:
Dungeon (8/15)             Temple (0/1) D:4          Bailey (visited)
   Lair: D:8-11

Altars:
Vehumet
Xom

Shops:
D:4 *((   D:5 *   D:6 *

Annotations:
D:8 Maurice


Innate Abilities, Weirdness & Mutations

((You are very nimble when in or above water. (Stealth+, EV+, Speed+++)))
Your lower body shifts to a powerful aquatic tail in water.


Message History

You hear some strange, mumbled words.
The frozen ramparts melt away.
You hear a zap.
You suddenly lose the ability to move!
You hear a zap.
Something tries to affect you, but you resist.
The now-empty wand crumbles to dust.
You can move again.
Your icy armour cracks and falls away as you move.
Something hits you. Something steals your wand of acid (7)!
You miss something. Something hits you!
Something steals your piece from Xom's chessboard (15/15)!
You miss something.
Okay, then.
You miss something.
You hear a zap.
A bolt of acid appears from out of thin air!
The bolt of acid hits you! The acid corrodes you!
Casting: Frozen Ramparts (safe; 1% risk of failure)
Confirm with . or Enter, or press ? or * to list all spells.
Casting: Frozen Ramparts (safe; 1% risk of failure)
Press: ? - help, Dir - look around, f - activate The walls around you are covered in ice.
The wall freezes something.
Something hits you!
Something steals your +2 spear of flaming!
Your frozen ramparts will break if you move.
Continue? [Y]es or [N]o only, please.
Your frozen ramparts will break if you move.
Continue?
Okay, then.
Okay, then.
There is a strange disturbance nearby!
There is a strange disturbance nearby!
There is a strange disturbance nearby!
Aiming: Polymorph
Press: ? - help, Shift-Dir - straight line, f - you Nothing appears to happen.
The wall freezes something.
You hear a zap.
A bolt of acid appears from out of thin air!
The bolt of acid hits you!!
You die...

.# .. ##.###.#
##...#.. #......
#########....#
...>........##.F#
#...............#
#.####.#.########
#.#.# #.#.#
.####### #.#@#
.......# ##.#{#
....##.######....#
#........#.....#
#.......).....#
#.#..###.#.....#
##.# #.##.).## ##.
#.###)## ###.# #)#
##.###.# ##.#.##.#


There were no monsters in sight!

Vanquished Creatures
  Pikel (D:5)
  An ugly thing (D:7)
  Maggie (D:6)
  Sigmund (D:6)
  A steam dragon (D:7)
  2 water moccasins
  2 ice beasts
  7 orc warriors
  An ogre (D:5)
  3 black bears
  2 centaurs (D:7)
  3 lemures
  A phantom (D:6)
  Blork the orc (D:4)
  5 bullfrogs
  2 necrophages
  2 scorpions
  4 killer bees (D:7)
  4 hounds
  6 orc priests
  A gnoll shaman (D:6)
  4 iguanas
  5 orc wizards
  Natasha (D:4)
  13 gnolls
  7 adders
  2 white imps (D:5)
  An ufetubus (D:4)
  4 dart slugs
  27 orcs
  8 ball pythons
  14 endoplasms
  3 giant cockroaches
  A goblin (Bailey)
  16 hobgoblins
  6 quokkas
  7 bats
  3 frilled lizards
  21 kobolds
  3 rats
197 creatures vanquished.

Notes
Turn   | Place    | Note
-------+----------+-------------------------------------------
     0 | D:1      | om the Merfolk Ice Elementalist began the quest for the
                  | Orb.
     0 | D:1      | Reached XP level 1. HP: 13/13 MP: 3/3
    97 | D:1      | Reached skill level 1 in Short Blades
   290 | D:1      | Reached XP level 2. HP: 19/19 MP: 3/5
   341 | D:1      | You fall into a shaft and drop 1 floor!
   948 | D:1      | Reached XP level 3. HP: 23/24 MP: 6/6
   988 | D:1      | Learned a level 3 spell: Frozen Ramparts
  1265 | D:1      | Found a faded altar of an unknown god.
  2169 | D:2      | Reached XP level 4. HP: 17/30 MP: 5/7
  2454 | D:3      | Learned a level 3 spell: Ozocubu's Armour
  2809 | D:3      | Reached skill level 5 in Ice Magic
  2809 | D:3      | Reached XP level 5. HP: 31/35 MP: 1/9
  3107 | D:3      | Found a radiant altar of Vehumet.
  3118 | D:3      | Became a worshipper of Vehumet
  3160 | D:2      | Reached skill level 5 in Dodging
  3913 | D:3      | Found a shimmering altar of Xom.
  4359 | D:4      | Reached XP level 6. HP: 40/41 MP: 5/10
  4380 | D:4      | Reached skill level 1 in Polearms
  4878 | D:4      | Found Lypid's Weapon Shop.
  4886 | D:4      | Bought a +1 spear of venom for 116 gold pieces
  5248 | D:4      | Found Pullom's General Store.
  5254 | D:4      | Bought a potion of heal wounds for 55 gold pieces
  5277 | D:4      | Found Sihe's Weapon Boutique.
  5281 | D:4      | Noticed Blork the orc
  5529 | D:4      | Noticed Natasha
  5535 | D:4      | Killed Natasha
  5693 | D:4      | Found a staircase to the Ecumenical Temple.
  5735 | D:4      | Killed Blork the orc
  5736 | D:4      | Reached skill level 2 in Polearms
  6180 | D:4      | Reached XP level 7. HP: 44/46 MP: 3/12
  6274 | D:4      | Reached skill level 3 in Polearms
  6515 | D:5      | Entered Level 5 of the Dungeon
  6593 | D:5      | Reached * piety under Vehumet
  6593 | D:5      | Offered knowledge of Magic Dart by Vehumet.
  6596 | D:5      | Learned a level 1 spell: Magic Dart
  6760 | D:5      | Reached skill level 4 in Polearms
  6768 | D:5      | Reached skill level 1 in Conjurations
  7314 | D:5      | Reached XP level 8. HP: 43/52 MP: 5/14
  7387 | D:5      | Found Tentem's General Store.
  7394 | D:5      | Bought a potion of attraction for 39 gold pieces
  7600 | D:5      | Reached skill level 5 in Stealth
  7806 | D:5      | Reached skill level 5 in Polearms
  7886 | D:5      | Got the Disquisition on Mutagenic Dark Rituals
  7915 | D:6      | Noticed Sigmund
  8008 | D:6      | Noticed Maggie
  8185 | D:6      | Noticed Pikel
  8629 | D:6      | Found Comeemn's Gadget Gallery.
  8674 | D:6      | Reached skill level 5 in Spellcasting
  9063 | D:6      | Reached skill level 6 in Polearms
  9132 | D:6      | Killed Sigmund
  9336 | D:6      | Killed Maggie
  9337 | D:6      | Reached skill level 7 in Polearms
  9337 | D:6      | Reached XP level 9. HP: 29/57 MP: 6/16
  9975 | D:5      | Found Tentem's General Store.
 10199 | D:5      | Killed Pikel
 10200 | D:5      | Reached skill level 8 in Polearms
 10290 | D:7      | Noticed a green ugly thing
 10398 | D:7      | Reached skill level 5 in Conjurations
 10438 | D:7      | Found a flagged portal.
 10446 | Bailey   | Entered a bailey
 10539 | Bailey   | Offered knowledge of Searing Ray by Vehumet.
 10539 | Bailey   | Reached ** piety under Vehumet
 10543 | Bailey   | Reached skill level 9 in Polearms
 10791 | Bailey   | Reached skill level 10 in Polearms
 10791 | Bailey   | Reached skill level 1 in Fighting
 10842 | Bailey   | Reached XP level 10. HP: 68/68 MP: 5/17
 11495 | D:7      | Reached skill level 1 in Armour
 12399 | D:7      | Offered knowledge of Scorch by Vehumet.
 12413 | D:7      | Killed a green ugly thing
 13354 | D:8      | Noticed Maurice
 13385 | D:8      | Paralysed by something for 4 turns
 13394 | D:8      | Killed from afar by Maurice

Illustrated notes

Levels and vault maps discovered:
D:1:      dpeg_arrival_lava_temple_mockup, layout_basic,
          shapermc_ecumenical_altar_acropolis
D:2:      layout_rooms
D:3:      layout_loops_cross, nicolae_vehumet_radiance, tgw_xom,
          kennysheep_generic_room_2
D:4:      layout_basic, minmay_temple_entry_fiery, serial_shops,
          nicolae_shop_statue_plus, nicolae_diamond_shop, shop,
          columned_hall_lemuel, uniq_natasha, uniq_blork_the_orc
D:5:      layout_rooms, serial_shops, nicolae_shop_crystal,
          grunt_decor_resistance, kennysheep_opposing_triangles
D:6:      layout_cave_pools, nicolae_shop_gadgets, uniq_sigmund, uniq_maggie,
          uniq_pikel
D:7:      layout_loops_corners, enter_bailey_8, roderic_serpentine_path,
          minmay_increasing_density
D:8:      layout_loops_ring, nicolae_dithmenos_the_darkroom,
          gammafunk_ghost_smash, uniq_maurice, uniq_grum

Skill      XL: |  1  2  3  4  5  6  7  8  9 10 |
---------------+-------------------------------+-----
Short Blades   | 1 |  1.0
Dodging        | 3 4 5 6 7 |  7.5
Stealth        | 3 4 5 |  5.0
Ice Magic      | 5 6 |  6.0
Spellcasting   | 3 4 5 |  5.0
Polearms       | 2 4 7 10 | 10.0
Conjurations   | 1 4 5 |  5.0
Fighting       | 2 4 |  4.0
Armour         | 4 |  4.1

Action                   |  1- 3 |  4- 6 |  7- 9 | 10-12 || total
-------------------------+-------+-------+-------+-------++-------
Melee: Dagger            |    70 |    24 |       |       ||    94
       Spear             |       |    97 |   224 |    89 ||   410
       Punch             |       |     1 |     4 |     1 ||     6
 Cast: Freeze            |    36 |    39 |    29 |    12 ||   116
       Frozen Ramparts   |       |     9 |    28 |    13 ||    50
       Ozocubu's Armour  |       |     5 |    25 |     8 ||    38
       Magic Dart        |       |       |    10 |     8 ||    18
Evoke: Wand              |       |       |     2 |     1 ||     3
  Use: Scroll            |     5 |     5 |     5 |     4 ||    19
       Potion            |       |     4 |       |     2 ||     6
 Stab: Sleeping          |     6 |     9 |     5 |       ||    20
       Distracted        |     1 |     1 |     1 |     1 ||     4
Armor: Robe              |    11 |    19 |    21 |       ||    51
       Steam dragon scal |       |       |    11 |    14 ||    25
       Skin              |       |       |       |    13 ||    13
Dodge: Dodged            |    54 |    97 |   134 |    42 ||   327
Block: Other             |       |       |    37 |    21 ||    58
       Reflection        |       |       |     1 |     1 ||     2

Table legend: (Time is in decaauts)
 A = Elapsed time spent in this place.
 B = Non-inter-level travel time spent in this place.
 C = Inter-level travel time spent in this place.
 D = Time resting spent in this place.
 E = Time spent auto-exploring this place.
 F = Levels seen in this place.
 G = Mean time per level.
                   A        B        C        D        E       F      G
               +--------+--------+--------+--------+--------+-----+--------+
         Total |  13278 |  12815 |    463 |   5725 |   5228 |   9 | 1475.3 |
       Dungeon |  12314 |  11851 |    463 |   5059 |   5116 |   8 | 1539.2 |
        Bailey |    963 |    963 |      0 |    666 |    112 |   1 |  963.0 |
               +--------+--------+--------+--------+--------+-----+--------+

Top non-repeatable levels by time:
     D:4: 2318 daAuts
     D:5: 2265 daAuts
     D:7: 1839 daAuts
     D:3: 1568 daAuts
     D:6: 1490 daAuts
     D:1: 1405 daAuts
     D:2: 1214 daAuts
  Bailey: 963 daAuts
     D:8: 211 daAuts
